 Dungeon Crawl Stone Soup version 0.30.1-3-gfc49f6343a (webtiles) character file.

Game seed: 16764665571474287474

26 CaptainMV the Chiller (level 2, -2/21 HPs)
             Began as a Demonspawn Wanderer on July 18, 2023.
             Slain by a gnoll
             ... wielding a +0 whip
              (5 damage)
             ... on level 1 of the Dungeon.
             The game lasted 00:06:37 (760 turns).

CaptainMV the Chiller (Demonspawn Wanderer)          Turns: 760, Time: 00:06:39

Health: -2/21      AC:  2    Str: 10    XL:     2   Next: 89%
Magic:  1/3        EV: 11    Int: 14    God:
Gold:   102        SH:  0    Dex: 15    Spells: 2/3 levels left

rFire   . . .        a - +0 sling
rCold   . . .        (no shield)
rNeg    . . .        d - +0 robe
rPois   .            (no helmet)
rElec   .            (no cloak)
rCorr   .            (no gloves)
SInv    .            (no boots)
Will    .....        (no amulet)
Stlth   +            (no ring)
HPRegen 0.23/turn    (no ring)
MPRegen 0.08/turn

%: no passive effects
@: no status effects
A: big brain 1
a: no special abilities


You were on level 1 of the Dungeon.
You visited 1 branch of the dungeon, and saw 2 of its levels.

You collected 102 gold pieces.

Inventory:

Hand Weapons
 a - a +0 sling (weapon)
 k - a +0 quarterstaff
Armour
 d - a +0 robe (worn)
Jewellery
 h - a ring of willpower
Wands
 b - a wand of flame (3)
Scrolls
 c - a scroll of silence
 f - a scroll of blinking {unknown}
 g - a scroll of teleportation
 i - a scroll of magic mapping
 l - a scroll of poison {unknown}
Potions
 e - a potion of curing {unknown}
 j - a potion of lignification {unknown}


   Skills:
 + Level 1.0 Fighting
 + Level 1.8 Staves
 + Level 0.1 Ranged Weapons
 + Level 1.0 Dodging
 + Level 1.0 Spellcasting
 + Level 4.4 Ice Magic
 + Level 1.0 Evocations


You had 2 spell levels left.
You knew the following spells:

 Your Spells              Type           Power      Damage    Failure   Level
a - Freeze                Ice            52%        1d6       4%          1

Your spell library contained the following spells:

 Spells                   Type           Power      Damage    Failure   Level
 Ozocubu's Armour         Ice            13%        N/A       13%         3
 Ice Form                 Ice/Tmut       6%         N/A       71%         4


Dungeon Overview and Level Annotations

Branches:
Dungeon (2/15)

Altars:


Innate Abilities, Weirdness & Mutations

You have an unusually large brain. (Int +2)


Message History

Aim: a gnoll, wielding a +0 whip (moderately wounded)
You freeze the gnoll.
The gnoll is heavily wounded.
The gnoll hits you with a +0 whip!
* * * LOW HITPOINT WARNING * * *
Casting: Freeze (safe; 4% risk of failure)
Confirm with . or Enter, or press ? or * to list all spells.
Aiming: Freeze (safe; 4% risk of failure)
Press: ? - help, Shift-Dir - straight line, f/p - gnoll
Aim: a gnoll, wielding a +0 whip (heavily wounded)
You freeze the gnoll.
You kill the gnoll!
You start resting.
Magic restored.
You start resting.
HP restored.
You climb downwards.
The gnoll misses you. The gnoll completely misses you.
There is a stone staircase leading up here.
The gnoll barely misses you. The gnoll misses you.
You climb upwards.
There is a stone staircase leading down here.
Casting: Freeze (safe; 4% risk of failure)
Confirm with . or Enter, or press ? or * to list all spells.
Aiming: Freeze (safe; 4% risk of failure)
Press: ? - help, Shift-Dir - straight line, f - gnoll
Aim: a gnoll, wielding a +0 whip You freeze the gnoll.
The gnoll is lightly wounded.
The gnoll hits you with a +0 whip. The gnoll hits you with a +0 club.
The gnoll attacks as you move away! The gnoll hits you with a +0 whip!
* * * LOW HITPOINT WARNING * * *
Casting: Freeze (safe; 4% risk of failure)
Confirm with . or Enter, or press ? or * to list all spells.
Aiming: Freeze (safe; 4% risk of failure)
Press: ? - help, Shift-Dir - straight line, f/p - gnoll
Aim: a gnoll, wielding a +0 whip (lightly wounded)
You freeze the gnoll.
The gnoll is moderately wounded.
The gnoll hits you with a +0 whip.
You die...

# #..#.## ##....#♣ #
#.#.## ######. # #.###
#. # #.# #. #########
#.# #. ........# #.#
############. #######.#
#.### #............ ..#
#.# #...# #.###########
..### #.# ###@# #.#
....###.# ##g## #.#
........#######.g>###.#
................#.)...#
####
............###...#####
#... ....♣...###.#
##.########### #.##
...8....# #.#
#.#.........###.#
........# #.#
#.#.####........#
........# #.# #.#.#
#........#


You could see 2 gnolls.

Vanquished Creatures
  A gnoll (D:1)
  4 ball pythons (D:1)
  2 endoplasms (D:1)
  3 hobgoblins (D:1)
  A bat (D:1)
  5 frilled lizards (D:1)
  A kobold (D:1)
  A rat (D:1)
18 creatures vanquished.

Notes
Turn   | Place    | Note
-------+----------+-------------------------------------------
     0 | D:1      | CaptainMV the Demonspawn Wanderer began the quest for the
                  | Orb.
     0 | D:1      | CaptainMV set off with the following items: a +0
                  | quarterstaff, a wand of flame (3), a scroll of silence, a
                  | +0 robe; and the following spell memorised: Freeze; and the
                  | following spells available to memorise: Ozocubu's Armour,
                  | Ice Form.
     0 | D:1      | Reached XP level 1. HP: 15/15 MP: 2/2
    86 | D:1      | Reached skill level 4 in Ice Magic
   152 | D:1      | Gained mutation: You have an unusually large brain. (Int
                  | +2) [demonic ancestry]
   152 | D:1      | Reached XP level 2. HP: 15/21 MP: 0/3
   760 | D:1      | Slain by a gnoll

Illustrated notes

Levels and vault maps discovered:
D:1:      wander_arrival_peaceful_grave, layout_loops_ring,
          kennysheep_flooded_box, kennysheep_decorative_pillar,
          minmay_misc_feat_columns
D:2:      layout_loops_cross, kennysheep_generic_room_13,
          uniq_crazy_yiuf_cottage

Skill      XL: |  1 |
---------------+----+-----
Ice Magic      | 4 |  4.4
Fighting       | |  1.0
Staves         | |  1.8
Ranged Weapons | |  0.1
Dodging        | |  1.0
Spellcasting   | |  1.0
Evocations     | |  1.0

Action                     || total
---------------------------++-------
  Melee: Quarterstaff      ||    17
   Fire: Sling             ||     9
   Cast: Freeze            ||    18
    Use: Scroll            ||     2
 Armour: Robe              ||     3
  Dodge: Dodged            ||    21
